 Dungeon Crawl Stone Soup version 0.17-a0-1479-g4041c36 (webtiles) character file.

101 hexophile the Magician (level 4, 0/36 HPs)
             Began as a Naga Wizard on July 3, 2015.
             Slain by an orc (2 damage)
             ... on level 2 of the Dungeon.
             The game lasted 00:08:45 (4049 turns).

hexophile the Magician (Naga Wizard)                Turns: 4049, Time: 00:08:45

Health: 0/36       AC:  2    Str:  9    XL:     4   Next: 75%
Magic:  1/9        EV:  9    Int: 19    God:
Gold:   107        SH:  0    Dex: 10    Spells: 4 memorised, 1 level left

rFire  . . .     SeeInvis +     j - +0 dagger
rCold  . . .     Clarity  .     m - +0 leather armour (curse)
rNeg   . . .     SustAt   .     (no shield)
rPois  +         Gourm    .     b - +0 hat
rElec  .         Spirit   .     (no cloak)
rCorr  .         Warding  .     (no gloves)
rMut   .         Stasis   .     (no barding)
MR     .....                    (no amulet)
Stlth  ++........               (no ring)
                                (no ring)

@: very slow, not resistant to hostile enchantments, unstealthy
A: see invisible, deformed body, poison resistance, slowness 2, slow metabolism
1, spit poison 2, AC +1
a: Spit Poison


You were on level 2 of the Dungeon.
You were hungry.

You visited 1 branch of the dungeon, and saw 3 of its levels.

You collected 107 gold pieces.

Inventory:

Hand weapons
 j - a +0 dagger (weapon)
Missiles
 f - 25 poisoned needles
 i - 104 stones (quivered)
Armour
 a - a +0 robe
 b - a +0 hat (worn)
 m - a cursed +0 leather armour (worn)
 s - a +0 pair of gloves
Jewellery
 k - a cursed -2 ring of evasion {unknown}
 t - an uncursed ring of magical power {unknown}
Scrolls
 e - 2 scrolls of remove curse {unknown}
 g - a scroll of enchant armour {unknown}
 p - 3 scrolls of fear {unknown}
 q - 2 scrolls of blinking {unknown}
 r - a scroll of identify
Potions
 n - a potion of agility {unknown}
 v - a potion of curing {unknown}
 w - a potion of mutation {unknown}
Books
 c - a book of Minor Magic

   Spells                             Type                      Level
   a - Magic Dart                     Conjuration                  1
   b - Blink                          Translocation                2
   c - Call Imp                       Summoning                    2
   d - Repel Missiles                 Charms/Air                   2
   e - Slow                           Hexes                        2
   f - Conjure Flame                  Conjuration/Fire             3
   g - Mephitic Cloud                 Conjuration/Poison/Air       3
Comestibles
 d - a bread ration
 h - 3 slices of pizza
 l - a chunk of flesh
 o - a beef jerky


   Skills:
 + Level 2.2 Dodging
 - Level 3.0 Stealth
 * Level 3.8 Spellcasting
 * Level 2.8 Conjurations
   Level 1.0 Summonings
 - Level 1.0 Translocations
 * Level 0.4 Fire Magic


You had one spell level left.
You knew the following spells:

 Your Spells              Type           Power        Failure   Level  Hunger
a - Magic Dart            Conj           ##..         10%         1    None
b - Blink                 Tloc           N/A          24%         2    ##.....
c - Conjure Flame         Conj/Fire      #.......     30%         3    ###....
d - Mephitic Cloud        Conj/Pois/Air  #.......     47%         3    ###....


Dungeon Overview and Level Annotations

Branches:
Dungeon (3/15)

Altars:
Gozag

Shops:
D:2 *

Annotations:
D:2 ice beast, exclusion: downstairs
D:3 FUCKING LUCk, Grinder


Innate Abilities, Weirdness & Mutations

You cannot wear boots.
Your serpentine skin is tough (AC +1).
You have supernaturally acute eyesight.
Armour fits poorly on your strangely shaped body.
Your system is resistant to poisons.
You cover ground very slowly.
You have a slow metabolism.
You can spit poison.


Message History

You can't do that yet.
Unknown command.
Casting: Magic Dart
Confirm with . or Enter, or press ? or * to list all spells.
Aiming: Magic Dart
Press: ? - help, Shift-Dir - straight line, f/p - hobgoblin
Aim: a hobgoblin, wielding a club (almost dead)
The magic dart hits the hobgoblin.
You kill the hobgoblin!
Casting: Magic Dart
Confirm with . or Enter, or press ? or * to list all spells.
Aiming: Magic Dart
Press: ? - help, Shift-Dir - straight line, f - orc
Aim: an orc, wearing a chain mail The magic dart hits the orc.
You have got your breath back.
The orc hits you.
* * * LOW HITPOINT WARNING * * *
You hit the orc but do no damage. The orc hits you.
You die...

###### .....# #####
####.# ##...## #.#
##.....## #.#
#.......####
####.###.......o@.#
...............##.#
)........)....###.#
####.#####>..## #.#
# #.# ###.# #.# ##
#.# #.# #.# .# #.#
#.# #.# .# #.# #.#
#.# .###.#######.#
#.#


You could see an orc.

Vanquished Creatures
  A gnoll (D:1)
  2 oozes
  2 worms
  3 orcs
  11 bats
  3 giant cockroaches (D:1)
  6 goblins
  5 hobgoblins
  6 kobolds
  2 quokkas (D:2)
  2 giant geckos
  4 giant newts
  7 jackals
  22 rats
76 creatures vanquished.

Notes
Turn   | Place    | Note
--------------------------------------------------------------
     0 | D:1      | hexophile the Naga Wizard began the quest for the Orb.
     0 | D:1      | Reached XP level 1. HP: 15/15 MP: 4/4
   206 | D:1      | Reached XP level 2. HP: 5/22 MP: 0/6
  1063 | D:1      | Reached XP level 3. HP: 28/28 MP: 2/7
  1067 | D:1      | Learned a level 2 spell: Blink
  1071 | D:1      | Learned a level 3 spell: Conjure Flame
  2293 | D:1      | Reached XP level 4. HP: 23/36 MP: 0/9
  2312 | D:1      | Learned a level 3 spell: Mephitic Cloud
  2963 | D:2      | Found an opulent altar of Gozag.
  2964 | D:2      | Found Gozag's Platinum Reserve.
  3528 | D:3      | Noticed Grinder
  3671 | D:3      | Noticed an ice beast
  4049 | D:2      | Slain by an orc

Vault maps used:
D:1:      erik_arrival_orb_chamber
D:2:      nicolae_gozag_zags_fifth_avenue
D:3:      first_bread, uniq_crazy_yiuf_cottage, uniq_grinder, uniq_iyjb,
          uniq_natasha

Action                   |  1- 3 |  4- 6 || total
-------------------------+-------+-------++-------
Melee: Unarmed           |    11 |       ||    11
       Dagger            |     3 |    13 ||    16
 Cast: Magic Dart        |   106 |    82 ||   188
       Blink             |       |     5 ||     5
 Abil: Spit Poison       |     8 |     6 ||    14
  Use: Scroll            |     4 |     1 ||     5
 Stab: Sleeping          |       |     1 ||     1
  Eat: Chunk             |     3 |     4 ||     7
